 Dungeon Crawl Stone Soup version 0.16-a0-2979-g562a0a4 (webtiles) character file.

359 Ratboiler the Slasher (level 6, -3/36 HPs)
             Began as an Octopode Wanderer on Dec 5, 2014.
             Was a Believer of Zin.
             Slain by an ogre
             ... wielding a +0 giant spiked club
              (24 damage)
             ... on level 4 of the Dungeon.
             The game lasted 00:12:14 (4957 turns).

Ratboiler the Slasher (Octopode Wanderer)           Turns: 4957, Time: 00:12:15

Health: -3/36      AC:  1    Str: 13    XL:     6   Next: 65%
Magic:  8/8        EV: 11    Int: 12    God:    Zin [**....]
Gold:   297        SH:  4    Dex: 14    Spells: 0 memorised, 7 levels left

rFire  . . .     SeeInvis .     a - +4 dagger (venom)
rCold  . . .     Clarity  .     c - +0 buckler
rNeg   . . .     SustAb   .     (helmet restricted)
rPois  .         Gourm    .     (no amulet)
rElec  .         Spirit   .     (no ring)
rCorr  .         Warding  .     (no ring)
rMut   .         Stasis   .     (no ring)
MR     .....                    (no ring)
Stlth  ++++......               (no ring)
                                (no ring)
                                (no ring)
                                (no ring)

@: not resistant to hostile enchantments, stealthy
A: almost no armour, amphibious, 8 rings, constrict 8, camouflage 1, gelatinous
body 1
a: Recite, Vitalisation, Renounce Religion


You were on level 4 of the Dungeon.
You worshipped Zin.
Zin was pleased with you.
You were not hungry.

You visited 2 branches of the dungeon, and saw 5 of its levels.

You collected 329 gold pieces.
You donated 32 gold pieces to Zin.

Inventory:

Hand weapons
 a - a +4 dagger of venom (weapon)
 b - a +0 falchion
Missiles
 g - 22 stones (quivered)
 j - 15 poisoned needles
 o - 7 arrows
 r - a throwing net
 y - 6 poisoned javelins
Armour
 c - a +0 buckler (worn)
Jewellery
 t - an uncursed amulet of stasis
Scrolls
 d - 2 scrolls of magic mapping
 e - a scroll of fear {unknown}
 l - 2 scrolls of remove curse {unknown}
 s - 2 scrolls of noise {unknown}
Potions
 i - 3 potions of curing
 n - a potion of cancellation
 p - a potion of might
 q - 2 potions of brilliance
 u - a potion of ambrosia
 v - a potion of flight
 w - a potion of restore abilities {unknown}
Books
 m - a book of Control

   Spells                             Type                      Level
   a - Control Teleport               Charms/Translocation         4
   b - Control Undead                 Necromancy                   4
   c - Enslavement                    Hexes                        4
   d - Metabolic Englaciation         Hexes/Ice                    5
   e - Mass Confusion                 Hexes                        6
Comestibles
 f - 4 bread rations
 h - a beef jerky
 k - a meat ration
 x - a chunk of flesh


   Skills:
 + Level 5.5 Long Blades
   Level 4.0 Polearms
 - Level 1.0 Dodging
 - Level 4.2 Stealth
 - Level 1.0 Shields
 - Level 1.0 Spellcasting
   Level 1.0 Summonings
   Level 1.0 Transmutations
 + Level 1.2 Invocations


You had 7 spell levels left.
You didn't know any spells.

Dungeon Overview and Level Annotations

Branches:
Dungeon (4/15)             Temple (1/1) D:4

Altars:
Ashenzari
Cheibriados
Dithmenos
Elyvilon
Fedhas
Gozag
Kikubaaqudgha
Makhleb
Nemelex Xobeh
Okawaru
Qazlal
Ru
Sif Muna
Trog
Vehumet
Xom
Yredelemnul
Zin


Innate Abilities, Weirdness & Mutations

You cannot wear most types of armour.
You are amphibious.
You can wear up to eight rings at the same time.
You can use your tentacles to constrict many enemies at once.
Your skin changes colour to match your surroundings (Stealth).
Your rubbery body absorbs attacks (AC +1).


Message History

You offer a prayer to Zin.
Zin is pleased with you.
There is an escape hatch in the ceiling here.
There is an escape hatch in the ceiling here.
You see here a worker ant corpse.
You butcher the worker ant corpse.
x - 2 chunks of flesh (gained 1) Eat one of 2 chunks of flesh? (ye/n/q/i?) This raw flesh tastes terrible.
You continue eating. x2
The ogre shouts!
You barely miss the ogre.
The ogre hits you with a giant spiked club!
You hit the ogre. You squeeze the ogre.
The ogre is moderately wounded.
You hit the ogre.
The ogre is poisoned.
Your squeeze misses the ogre.
The ogre is heavily wounded.
The ogre hits you with a giant spiked club!!
Ouch! That really hurt!
You die...

######## ##......##
##........##
########..........#
#..........@......# #
#..........O...[..# ##
#.................# .#
#.................#
.#####..#.####........##
.##....##....#........##
..#.)..................#
.>.....##.......(......#
.....#.##..............#


You could see an ogre.

Vanquished Creatures
  A scorpion (D:4)
  An orc priest (D:4)
  A centaur skeleton (D:4)
  2 orc wizards
  2 worker ants (D:4)
  3 gnolls (D:4)
  2 adders
  2 giant mites
  3 giant geckos
  7 orcs
  2 ball pythons (D:1)
  A bat skeleton (D:3)
  3 giant cockroaches
  8 goblins
  12 hobgoblins
  10 kobolds
  8 bats
  7 giant newts
  4 jackals
  A quokka skeleton (D:4)
  13 rats
  A plant (D:1)
94 creatures vanquished.

Notes
Turn   | Place    | Note
--------------------------------------------------------------
     0 | D:1      | Ratboiler, the Octopode Wanderer, began the quest for the Orb.
     0 | D:1      | Ratboiler set off with: a +0 falchion, a +0 buckler, a bread ration
     0 | D:1      | Reached XP level 1. HP: 11/11 MP: 2/2
   121 | D:1      | Reached skill level 1 in Long Blades
   203 | D:1      | Reached XP level 2. HP: 6/17 MP: 3/3
   728 | D:1      | Reached XP level 3. HP: 19/21 MP: 4/4
  2344 | D:3      | Reached XP level 4. HP: 25/27 MP: 5/5
  3044 | D:3      | Found an opulent altar of Gozag.
  3045 | D:3      | Found an ancient bone altar of Kikubaaqudgha.
  3132 | D:3      | Found a white marble altar of Elyvilon.
  3135 | D:3      | Found a stormy altar of Qazlal.
  3283 | D:3      | Reached XP level 5. HP: 28/31 MP: 7/7
  3451 | D:4      | Noticed an ogre
  3771 | D:4      | Reached skill level 5 in Long Blades
  3771 | D:4      | Reached XP level 6. HP: 23/36 MP: 8/8
  3877 | D:4      | Found a staircase to the Ecumenical Temple.
  3887 | Temple   | Entered the Ecumenical Temple
  4145 | Temple   | Became a worshipper of Zin the Law-Giver
  4145 | Temple   | Acquired Zin's first power
  4688 | D:4      | Acquired Zin's second power
  4697 | D:4      | Noticed an ogre
  4928 | D:4      | Reached skill level 1 in Invocations
  4957 | D:4      | Slain by an ogre

Action                   |  1- 3 |  4- 6 || total
-------------------------+-------+-------++-------
Melee: Falchion          |   104 |    16 ||   120
       Dagger            |       |    74 ||    74
Throw: Stone             |       |     1 ||     1
  Use: Scroll            |       |     8 ||     8
 Stab: Sleeping          |    11 |     6 ||    17
  Eat: Chunk             |     4 |     6 ||    10
       Pizza             |       |     1 ||     1
       Beef jerky        |       |     1 ||     1
